AoeStats
← Hurrynd

Arabia

505361787Analyzed
4v4 RM · 24d ago on Sep 9, 2026· 94m 27s· 8 players
Game mode
Random Map
Map size
Large (8 player)
Population
200
Speed
Normal
Resources
Standard
Victory
Conquest
Starting age
Dark Age
Ending age
Imperial Age
RankedLock teamsTeams togetherTeam positionsShared explorationLock speedFull tech treeHidden civsTurbo modeCheats
Victory
Defeat
🇲🇽 Berbers · Mexico
869
+14
🇺🇸 Spanish · United States
868
+14
🇲🇽 Mongols · Mexico
857
+14
🇺🇸 Italians · United States
815
+16
🇬🇧 Poles · United Kingdom
933
-18
🇨🇦 Huns · Canada
805
-14
🇨🇱 Khmer · Chile
775
-13
🇧🇷 Dravidians · Brazil
775
-13
Lt. Dan's Ice Cream
11:30 Feudal Age
13:25 Double-Bit Axe
13:24 Horse Collar
15:46 Wheelbarrow
15:02 Gold Mining
19:26 Castle Age
Jan
11:17 Feudal Age
12:05 Double-Bit Axe
12:02 Horse Collar
18:21 Castle Age
16:38 Gold Mining
16:41 Stone Mining
16:48 Stone Mining
20:50 Bow Saw
20:48 Heavy Plow
21:31 Stone Shaft Mining
22:46 Pikeman
Hurrynd
5:54 Loom
13:22 Feudal Age
17:08 Castle Age
15:40 Double-Bit Axe
15:36 Horse Collar
18:06 Wheelbarrow
19:19 Bow Saw
21:07 Heavy Plow
22:14 Fletching
24:28 Bodkin Arrow
25:01 Padded Archer Armor
26:09 Leather Archer Armor
29:27 Hand Cart
30:54 Ballistics
30:30 Murder Holes
37:09 Imperial Age
35:51 Gold Mining
35:53 Stone Mining
36:31 Husbandry
36:52 Bloodlines
37:48 Town Watch
39:45 Chemistry
40:46 Thumb Ring
41:07 Parthian Tactics
42:28 Bracer
42:38 Forging
47:27 Elite Mangudai
55:24 Conscription
55:42 Hoardings
59:07 Town Patrol
59:21 Masonry
59:16 Siege Engineers
59:38 Drill
59:33 Forging
59:28 Scale Barding Armor
61:03 Light Cavalry
62:22 Iron Casting
62:08 Chain Barding Armor
67:04 Gold Shaft Mining
67:40 Blast Furnace
66:11 Hussar
79:11 Scale Mail Armor
79:01 Arson
79:16 Squires
94:24 Spies/Treason
BearKing89
1:08 Loom
5:33 Loom
12:58 Feudal Age
16:31 Castle Age
17:11 Forging
18:00 Husbandry
18:34 Double-Bit Axe
21:55 Bow Saw
22:25 Horse Collar
24:45 Bloodlines
24:52 Gold Mining
26:28 Heavy Plow
28:08 Wheelbarrow
33:38 Imperial Age
31:24 Scale Barding Armor
31:56 Iron Casting
31:55 Hand Cart
35:06 Gold Shaft Mining
34:35 Maghrebi Camels
35:11 Hoardings
34:45 Heavy Camel Rider
37:29 Kasbah
37:47 Light Cavalry
40:23 Chain Barding Armor
41:03 Blast Furnace
40:53 Hussar
42:46 Plate Barding Armor
53:40 Fletching
53:51 Padded Archer Armor
55:32 Conscription
56:26 Bodkin Arrow
56:46 Leather Archer Armor
57:36 Chemistry
56:57 Ballistics
60:46 Ring Archer Armor
60:17 Bracer
66:20 Murder Holes
84:26 Crop Rotation
84:04 Thumb Ring
86:27 Elite Camel Archer
JTF2Deathadder
12:24 Feudal Age
10:39 Loom
19:08 Castle Age
19:20 Double-Bit Axe
19:58 Scale Barding Armor
21:06 Chain Barding Armor
21:17 Bow Saw
22:56 Wheelbarrow
27:04 Marauders
27:53 Forging
28:04 Hand Cart
28:38 Husbandry
29:30 Bloodlines
41:54 Gold Mining
45:45 Imperial Age
46:00 Elite Tarkan
47:21 Plate Barding Armor
47:28 Iron Casting
48:42 Conscription
48:30 Scale Mail Armor
51:31 Chain Mail Armor
52:17 Blast Furnace
52:43 Pikeman
53:24 Squires
53:13 Arson
53:12 Halberdier
60:33 Ballistics
61:16 Chemistry
85:14 Two-Man Saw
WarW◯lf 103 {WYR}
3:03 Loom
11:45 Feudal Age
13:31 Horse Collar
13:38 Double-Bit Axe
17:29 Bloodlines
17:50 Stone Mining
21:57 Castle Age
20:30 Forging
20:42 Scale Barding Armor
23:14 Light Cavalry
23:55 Husbandry
26:35 Iron Casting
33:26 Fletching
38:30 Imperial Age
37:31 Chain Barding Armor
37:59 Wheelbarrow
37:38 Bow Saw
39:31 Elite Obuch
40:34 Conscription
40:18 Squires
40:22 Scale Mail Armor
41:23 Blast Furnace
59:03 Heavy Plow
TH*[KL]
0:32 Loom
17:15 Feudal Age
18:41 Wheelbarrow
18:11 Double-Bit Axe
18:21 Horse Collar
21:22 Gold Mining
27:37 Castle Age
27:25 Stone Mining
28:10 Fletching
30:15 Bodkin Arrow
32:34 Hand Cart
33:23 Heavy Plow
35:07 Scale Barding Armor
37:32 Padded Archer Armor
40:14 Forging
40:04 Scale Mail Armor
43:11 Imperial Age
40:56 Pikeman
42:23 Squires
43:03 Iron Casting
42:43 Chain Mail Armor
44:28 Halberdier
45:58 Conscription
48:11 Arson
50:40 Blast Furnace
50:10 Plate Mail Armor
50:46 Elite Elephant Archer
56:25 Medical Corps
58:46 Chain Barding Armor
58:27 Town Watch
62:04 Light Cavalry
62:16 Elite Urumi Swordsman
66:11 Chemistry
65:49 Onager
67:09 Elite Skirmisher
70:18 Caravan
78:31 Bracer
Jx
0:28 Loom
14:34 Feudal Age
17:23 Wheelbarrow
16:34 Town Watch
16:38 Double-Bit Axe
16:33 Horse Collar
21:43 Castle Age
24:49 Hand Cart
24:45 Heavy Plow
25:37 Bow Saw
31:58 Town Patrol
32:33 Caravan
35:43 Imperial Age
32:52 Light Cavalry
34:22 Bloodlines
34:12 Husbandry
36:00 Scale Barding Armor
36:06 Forging
37:02 Chain Barding Armor
37:22 Iron Casting
36:39 Hussar
38:19 Fortified Wall
39:09 Chemistry
38:30 Ballistics
38:06 Murder Holes
38:22 Masonry
38:17 Siege Engineers
39:40 Blast Furnace
39:16 Plate Barding Armor
38:33 Fletching
38:45 Scale Mail Armor
38:45 Padded Archer Armor
40:10 Conscription
40:26 Hoardings
39:59 Padded Archer Armor
44:20 Tusk Swords
44:28 Bodkin Arrow
44:50 Chain Mail Armor
44:50 Leather Archer Armor
46:52 Bracer
47:23 Ring Archer Armor
46:56 Pikeman
47:21 Arson
46:57 Man-at-Arms
48:28 Crop Rotation
48:11 Halberdier
55:26 Elite Skirmisher
57:31 Onager
75:07 Elite Battle Elephant
Connection lost

Rejoining the realm…

Still unreachable

The connection could not be restored.

Session expired

The server has moved on; the page needs a fresh start.